3A
MYRTLE BEACH SEAHAWKS @ ALAMEDA AIRMEN
08/12/2034
 
TOP OF THE 1ST
Myrtle Beach Seahawks batting - Pitching for Alameda Airmen : RHP Yajirobei Matsumoto
Pitching: RHP Yajirobei Matsumoto
Batting: RHB Lucas Gallant 0-0: Called Strike
0-1: Ball
1-1: Ball
2-1: Ball
3-1: Base on Balls
Batting: RHB Al Ellis 0-0: Ball
1-0: Called Strike
1-1: Called Strike
1-2: Foul Ball, location: 2F
1-2: SINGLE (Line Drive, 56D)
Lucas Gallant to second
Batting: LHB Roberts Hamhock Pickoff Throw to Second - Error! E1
Lucas Gallant to third
Al Ellis to second
0-0: Called Strike
0-1: Fly out, F9 (Flyball, 9S)
Batting: LHB Gregory Clement 0-0: Ball
1-0: Swinging Strike
1-1: Fly out, F7 (Flyball, 7)
Runner from 3rd tags up, SCORES, no throw
Batting: LHB Anastasio Flores 0-0: Ball
1-0: Swinging Strike
1-1: Called Strike
1-2: Foul Ball, location: 2F
1-2: Ball
2-2: Ball
3-2: Foul Ball, location: 2F
3-2: Strikes out looking
Top of the 1st over - 1 run, 1 hit, 1 error, 1 left on base; Myrtle Beach 1 - Alameda 0
BOTTOM OF THE 1ST
Alameda Airmen batting - Pitching for Myrtle Beach Seahawks : RHP Ricardo Martínez
Pitching: RHP Ricardo Martínez
Batting: LHB Gabriel Montoya 0-0: Called Strike
0-1: Called Strike
0-2: Strikes out swinging
Batting: RHB Cornelius Adkison 0-0: Called Strike
0-1: Called Strike
0-2: Ball
1-2: Fly out, F1 (Line Drive, 13S)
Batting: SHB Cecil Nelson 0-0: Foul Ball, location: 2F
0-1: Ball
1-1: Swinging Strike
1-2: Foul Ball, location: 2F
1-2: Ball
2-2: Ball
3-2: Ground out 4-3 (Groundball, 34D)
Bottom of the 1st over - 0 runs, 0 hits, 0 errors, 0 left on base; Myrtle Beach 1 - Alameda 0
TOP OF THE 2ND
Myrtle Beach Seahawks batting - Pitching for Alameda Airmen : RHP Yajirobei Matsumoto
Batting: RHB Miguel Rey 0-0: Called Strike
0-1: Foul Ball, location: 2F
0-2: Ground out 6-3 (Groundball, 6D)
Batting: RHB César Salvatierra 0-0: Ball
1-0: Foul Ball, location: 2F
1-1: Foul Ball, location: 2F
1-2: Ground out 4-3 (Groundball, 4)
Batting: LHB Sandro Goro 0-0: SINGLE (Line Drive, 6D)
Batting: RHB Kamaaluddeen Kohli 0-0: Called Strike
0-1: Ball
1-1: Ball
Sandro Goro steals 2nd base
2-1: Ground out 6-3 (Groundball, 6)
Top of the 2nd over - 0 runs, 1 hit, 0 errors, 1 left on base; Myrtle Beach 1 - Alameda 0
BOTTOM OF THE 2ND
Alameda Airmen batting - Pitching for Myrtle Beach Seahawks : RHP Ricardo Martínez
Batting: RHB Gang Jing 0-0: Called Strike
0-1: Ball
1-1: Foul Ball, location: 2F
1-2: Strikes out swinging
Batting: LHB Steve Williams 0-0: Called Strike
0-1: Ball
1-1: Ball
2-1: Foul Ball, location: 2F
2-2: Foul Ball, location: 2F
2-2: Strikes out swinging
Batting: RHB Jim McMahon 0-0: Ball
1-0: Swinging Strike
1-1: Foul Ball, location: 2F
1-2: Ball
2-2: Strikes out swinging
Bottom of the 2nd over - 0 runs, 0 hits, 0 errors, 0 left on base; Myrtle Beach 1 - Alameda 0
TOP OF THE 3RD
Myrtle Beach Seahawks batting - Pitching for Alameda Airmen : RHP Yajirobei Matsumoto
Batting: RHB Lucas Gallant 0-0: Hit by Pitch
Batting: RHB Al Ellis 0-0: Ball
1-0: Ball
2-0: Called Strike
Lucas Gallant steals 2nd base
2-1: Called Strike
2-2: Strikes out swinging
Batting: LHB Roberts Hamhock 0-0: Ball
1-0: Called Strike
1-1: Ball
Wild Pitch!
Lucas Gallant to third
2-1: Ball
3-1: Base on Balls
Batting: LHB Gregory Clement 0-0: Ball
1-0: Ball
2-0: Ball
3-0: Base on Balls
Roberts Hamhock to second
Batting: LHB Anastasio Flores 0-0: SINGLE (Groundball, 56D)
Lucas Gallant scores
Roberts Hamhock to third
Gregory Clement to second
Batting: RHB Miguel Rey 0-0: Ball
1-0: Ball
2-0: Called Strike
2-1: Foul Ball, location: 2F
2-2: Foul Ball, location: 2F
2-2: Strikes out looking
Batting: RHB César Salvatierra 0-0: Swinging Strike
0-1: Fly out, F4 (Flyball, 4D)
Top of the 3rd over - 1 run, 1 hit, 0 errors, 3 left on base; Myrtle Beach 2 - Alameda 0
BOTTOM OF THE 3RD
Alameda Airmen batting - Pitching for Myrtle Beach Seahawks : RHP Ricardo Martínez
Batting: RHB Bob Smelcer 0-0: Foul Ball, location: 2F
0-1: Called Strike
0-2: Strikes out swinging
Batting: RHB Joshua Cadaval 0-0: Ball
1-0: Ball
2-0: Fly out, F8 (Line Drive, 78M)
Batting: RHB Pablo Pagán 0-0: Ball
1-0: Called Strike
1-1: Ball
2-1: Swinging Strike
2-2: Strikes out swinging, 2-3 out at first.
Bottom of the 3rd over - 0 runs, 0 hits, 0 errors, 0 left on base; Myrtle Beach 2 - Alameda 0
TOP OF THE 4TH
Myrtle Beach Seahawks batting - Pitching for Alameda Airmen : RHP Yajirobei Matsumoto
Batting: LHB Sandro Goro 0-0: Fly out, F6 (Line Drive, 56)
Batting: RHB Kamaaluddeen Kohli 0-0: Foul Ball, location: 2F
0-1: Foul Ball, location: 2F
0-2: Strikes out swinging
Batting: RHB Lucas Gallant 0-0: Ball
1-0: Ground out 4-3 (Groundball, 4)
Top of the 4th over - 0 runs, 0 hits, 0 errors, 0 left on base; Myrtle Beach 2 - Alameda 0
BOTTOM OF THE 4TH
Alameda Airmen batting - Pitching for Myrtle Beach Seahawks : RHP Ricardo Martínez
Batting: LHB Gabriel Montoya 0-0: Hit by Pitch
Batting: RHB Cornelius Adkison 0-0: Ball
1-0: Ball
2-0: Ball
3-0: Called Strike
3-1: Foul Ball, location: 2F
3-2: Foul Ball, location: 2F
3-2: Foul Ball, location: 2F
3-2: Strikes out swinging
Batting: SHB Cecil Nelson 0-0: Called Strike
0-1: Foul Ball, location: 2F
0-2: Ball
1-2: Ball
Wild Pitch!
Gabriel Montoya to second
2-2: Ball
3-2: SINGLE (Groundball, 3) (infield hit)
Gabriel Montoya to third
Batting: RHB Gang Jing 0-0: Called Strike
0-1: Ball
1-1: Ball
2-1: Called Strike
2-2: Fly out, F9 (Flyball, 9S)
Batting: LHB Steve Williams 0-0: Called Strike
0-1: Fly out, F4 (Popup, 4)
Bottom of the 4th over - 0 runs, 1 hit, 0 errors, 2 left on base; Myrtle Beach 2 - Alameda 0
TOP OF THE 5TH
Myrtle Beach Seahawks batting - Pitching for Alameda Airmen : RHP Yajirobei Matsumoto
Batting: RHB Al Ellis 0-0: Called Strike
0-1: Ball
1-1: Swinging Strike
1-2: Strikes out swinging
Batting: LHB Roberts Hamhock 0-0: Ball
1-0: Called Strike
1-1: DOUBLE (Flyball, 8RXD)
Batting: LHB Gregory Clement 0-0: Ball
1-0: Foul Ball, location: 2F
1-1: Foul Ball, location: 2F
1-2: Strikes out swinging
Batting: LHB Anastasio Flores 0-0: Ball
1-0: SINGLE (Groundball, 56) (infield hit)
Roberts Hamhock to third
Batting: RHB Miguel Rey 0-0: Foul Ball, location: 2F
0-1: Ball
1-1: Swinging Strike
1-2: Ball
2-2: Hit by Pitch
Anastasio Flores to second
Batting: RHB César Salvatierra 0-0: Called Strike
0-1: Ball
1-1: Foul Ball, location: 2F
1-2: Ball
2-2: Ball
3-2: Base on Balls
Roberts Hamhock scores
Anastasio Flores to third
Miguel Rey to second
Batting: LHB Sandro Goro 0-0: Foul Ball, location: 2F
0-1: Swinging Strike
0-2: Strikes out swinging
Top of the 5th over - 1 run, 2 hits, 0 errors, 3 left on base; Myrtle Beach 3 - Alameda 0
BOTTOM OF THE 5TH
Alameda Airmen batting - Pitching for Myrtle Beach Seahawks : RHP Ricardo Martínez
Batting: RHB Jim McMahon 0-0: Called Strike
0-1: Foul Ball, location: 2F
0-2: Strikes out looking
Batting: RHB Bob Smelcer 0-0: Bunted foul
0-1: Ball
1-1: Called Strike
1-2: Ball
2-2: Foul Ball, location: 2F
2-2: Ball
3-2: Ground out 6-3 (Groundball, 56)
Batting: RHB Joshua Cadaval 0-0: Ground out 6-3 (Groundball, 6)
Bottom of the 5th over - 0 runs, 0 hits, 0 errors, 0 left on base; Myrtle Beach 3 - Alameda 0
TOP OF THE 6TH
Myrtle Beach Seahawks batting - Pitching for Alameda Airmen : RHP Yajirobei Matsumoto
Pitching: RHP Aad Stuut
Batting: RHB Kamaaluddeen Kohli 0-0: Ball
1-0: Ball
2-0: Swinging Strike
2-1: Called Strike
2-2: Ball
3-2: Foul Ball, location: 2F
3-2: Strikes out looking
Batting: RHB Lucas Gallant 0-0: Called Strike
0-1: Ball
1-1: Ball
2-1: SINGLE (Line Drive, 9LS)
Batting: RHB Al Ellis 0-0: Ball
Lucas Gallant is caught stealing 2nd base
1-0: Called Strike
1-1: Foul Ball, location: 2F
1-2: Ball
2-2: Ball
3-2: Foul Ball, location: 2F
3-2: Base on Balls
Batting: LHB Roberts Hamhock 0-0: Ground out 1-3 (Groundball, 13S)
Top of the 6th over - 0 runs, 1 hit, 0 errors, 1 left on base; Myrtle Beach 3 - Alameda 0
BOTTOM OF THE 6TH
Alameda Airmen batting - Pitching for Myrtle Beach Seahawks : RHP Ricardo Martínez
Batting: RHB Pablo Pagán 0-0: Ball
1-0: Fly out, F3 (Popup, 3SF)
Batting: LHB Gabriel Montoya 0-0: Foul Ball, location: 2F
0-1: Ball
1-1: Called Strike
1-2: Foul Ball, location: 2F
1-2: Ball
2-2: Foul Ball, location: 2F
2-2: Strikes out looking
Batting: RHB Cornelius Adkison 0-0: Ball
1-0: Foul Ball, location: 2F
1-1: Called Strike
1-2: Strikes out swinging
Bottom of the 6th over - 0 runs, 0 hits, 0 errors, 0 left on base; Myrtle Beach 3 - Alameda 0
TOP OF THE 7TH
Myrtle Beach Seahawks batting - Pitching for Alameda Airmen : RHP Aad Stuut
Batting: LHB Gregory Clement 0-0: Ball
1-0: Called Strike
1-1: Called Strike
1-2: Strikes out swinging
Batting: LHB Anastasio Flores 0-0: Called Strike
0-1: Called Strike
0-2: Foul Ball, location: 2F
0-2: Ball
1-2: Ground out U3 (Groundball, 34)
Batting: RHB Miguel Rey 0-0: Ball
1-0: Ball
2-0: Called Strike
2-1: Foul Ball, location: 2F
2-2: Strikes out looking
Top of the 7th over - 0 runs, 0 hits, 0 errors, 0 left on base; Myrtle Beach 3 - Alameda 0
BOTTOM OF THE 7TH
Alameda Airmen batting - Pitching for Myrtle Beach Seahawks : RHP Ricardo Martínez
Pitching: RHP Ralph Owens
Batting: SHB Cecil Nelson 0-0: Called Strike
0-1: Called Strike
0-2: Ball
1-2: Ball
2-2: Ball
3-2: Foul Ball, location: 2F
3-2: Foul Ball, location: 2F
3-2: Foul Ball, location: 2F
3-2: Base on Balls
Batting: RHB Gang Jing 0-0: Ball
1-0: Fly out, F6 (Line Drive, 6)
Batting: LHB Steve Williams 0-0: Ball
1-0: Called Strike
1-1: SINGLE (Groundball, 4S) (infield hit)
Cecil Nelson to second
Batting: RHB Jim McMahon 0-0: Ball
1-0: Called Strike
1-1: Swinging Strike
1-2: Ball
2-2: Ball
3-2: Grounds into double play, 1-4-3 (Groundball, 15S)
Bottom of the 7th over - 0 runs, 1 hit, 0 errors, 1 left on base; Myrtle Beach 3 - Alameda 0
TOP OF THE 8TH
Myrtle Beach Seahawks batting - Pitching for Alameda Airmen : RHP Aad Stuut
Batting: RHB César Salvatierra 0-0: Called Strike
0-1: Ball
1-1: Foul Ball, location: 2F
1-2: Strikes out swinging, 2-3 out at first.
Batting: LHB Sandro Goro 0-0: Ball
1-0: Swinging Strike
1-1: Ball
2-1: Called Strike
2-2: Strikes out looking
Batting: RHB Kamaaluddeen Kohli 0-0: Ball
1-0: Swinging Strike
1-1: Foul Ball, location: 2F
1-2: Ball
2-2: Fly out, F3 (Popup, 3F)
Top of the 8th over - 0 runs, 0 hits, 0 errors, 0 left on base; Myrtle Beach 3 - Alameda 0
BOTTOM OF THE 8TH
Alameda Airmen batting - Pitching for Myrtle Beach Seahawks : RHP Ralph Owens
Batting: RHB Bob Smelcer 0-0: Ball
1-0: Ball
2-0: Ball
3-0: Base on Balls
Batting: RHB Joshua Cadaval 0-0: SINGLE (Groundball, 6MD)
Bob Smelcer to second
Batting: RHB Pablo Pagán 0-0: Ground out 5-3 (Groundball, 25)
Bob Smelcer to third
Joshua Cadaval to second
Batting: LHB Gabriel Montoya 0-0: Called Strike
0-1: Ball
1-1: Called Strike
1-2: Strikes out swinging
Batting: RHB Cornelius Adkison 0-0: Foul Ball, location: 2F
0-1: Swinging Strike
0-2: Strikes out swinging, 2-3 out at first.
Bottom of the 8th over - 0 runs, 1 hit, 0 errors, 2 left on base; Myrtle Beach 3 - Alameda 0
TOP OF THE 9TH
Myrtle Beach Seahawks batting - Pitching for Alameda Airmen : RHP Aad Stuut
Pitching: RHP Mario Durán
Batting: RHB Lucas Gallant 0-0: Ball
1-0: Fly out, F8 (Flyball, 8LS)
Batting: RHB Al Ellis 0-0: Foul Ball, location: 2F
0-1: Ground out 6-3 (Groundball, 6M)
Batting: LHB Roberts Hamhock 0-0: Foul Ball, location: 2F
0-1: Ball
1-1: DOUBLE (Flyball, 8RXD)
Batting: LHB Gregory Clement 0-0: Fly out, F2 (Popup, 23F)
Top of the 9th over - 0 runs, 1 hit, 0 errors, 1 left on base; Myrtle Beach 3 - Alameda 0
BOTTOM OF THE 9TH
Alameda Airmen batting - Pitching for Myrtle Beach Seahawks : RHP Ralph Owens
Batting: SHB Cecil Nelson 0-0: Fly out, F9 (Flyball, 9LSF)
Batting: RHB Gang Jing 0-0: Ball
1-0: Ball
2-0: Fly out, F7 (Flyball, 78D)
Batting: LHB Steve Williams 0-0: Foul Ball, location: 2F
0-1: Called Strike
0-2: Ball
1-2: Ground out 3-1 (Groundball, 34S)
Bottom of the 9th over - 0 runs, 0 hits, 0 errors, 0 left on base; Myrtle Beach 3 - Alameda 0
Friday, March 29th, 2019 - OOTP Baseball 18.8 Build 76